Map: [ESL] Hecate

Players

LiquidClem (Clem) - Winner!

  • Race: Terran Terran
  • League: Grandmaster
  • Spawn Location: 1:00

Spirit (souL)

  • Race: Terran Terran
  • League: Master
  • Spawn Location: 7:00

VOD

Have the link to the VOD?

Description

Time

  • Played on: Nov. 25, 2023, 12:13 p.m.
  • Length: 12:32
Show
View Real Time Build Order
Export as new Build Order

LiquidClem Terran - Winner!

Build Orders: 1/1/1, Cyclone Opening 

Get SALT Encoding   

  12  0:00  SCV  
  13  0:12  SCV  
  14  0:17  Supply Depot  
  14  0:24  SCV  
  15  0:38  SCV  
  15  0:39  Barracks  
  16  0:43  Refinery  
  16  0:50  SCV  
  17  0:58  Refinery  
  17  1:02  SCV  
  18  1:14  SCV  
  19  1:26  Orbital Command, Reaper  
  19  1:27  Supply Depot  
  20  1:43  Factory  
  20  1:52  SCV  
  21  1:59  Barracks Reactor  
  21  2:04  SCV  
  22  2:16  Command Center  
  22  2:20  SCV  
  23  2:28  Starport  
  23  2:32  SCV  
  24  2:40  Cyclone  
  26  2:45  SCV  
  26  2:48  Cyclone  
  29  2:54  Supply Depot  
  29  2:57  SCV  
  28  3:09  SCV  
  28  3:19  Medivac  
  30  3:21  SCV  
  30  3:23  Cyclone  
  33  3:29  Orbital Command  
  33  3:33  SCV  
  34  3:38  Cyclone  
  36  3:45  SCV, Refinery  
  36  3:46  Barracks Tech Lab  
  37  3:55  SCV  
  38  3:57  SCV  
  38  4:02  Cyclone  
  41  4:07  SCV  
  41  4:09  SCV  
  43  4:12  Raven, Supply Depot  
  45  4:19  SCV  
  45  4:21  SCV  
  45  4:24  Cyclone  
  49  4:28  Interference Matrix  
  49  4:31  Supply Depot, SCV  
  50  4:33  SCV  
  50  4:37  Cyclone  
  53  4:43  SCV  
  54  4:45  SCV  
  54  4:48  Raven  
  57  4:55  SCV  
  57  4:56  Command Center  
  57  4:58  SCV  
  59  5:01  Barracks Tech Lab  
  59  5:07  SCV  
  59  5:10  SCV  
  59  5:13  Barracks  
  61  5:14  Barracks  
  61  5:19  SCV, Factory Reactor  
  61  5:21  Supply Depot  
  62  5:22  SCV, Stimpack  
  62  5:24  Marine  
  64  5:31  SCV  
  64  5:33  Starport Reactor  
  64  5:34  SCV  
  66  5:36  Engineering Bay  
  66  5:39  Engineering Bay  
  66  5:41  Marine  
  66  5:42  Siege Tank  
  70  5:44  SCV  
  70  5:45  Supply Depot  
  70  5:46  SCV  
  72  5:51  Refinery  
  73  5:58  SCV  
  73  5:59  Marine  
  73  6:03  Supply Depot  
  73  6:04  Terran Infantry Weapons Level 1  
  75  6:06  Terran Infantry Armor Level 1  
  75  6:08  Marine x2  
  76  6:14  Orbital Command, SCV  
  76  6:16  SCV  
  76  6:17  Marine  
  79  6:20  Starport Reactor  
  79  6:21  Marine  
  79  6:22  Siege Tank  
  79  6:23  Marine  
  84  6:26  Marine  
  84  6:27  SCV  
  84  6:28  SCV  
  84  6:29  Marine  
  86  6:35  Marine  
  86  6:39  SCV x2  
  89  6:40  SCV  
  89  6:41  Supply Depot  
  89  6:42  Marine  
  91  6:47  Barracks  
  91  6:48  Barracks  
  91  6:50  Supply Depot  
  91  6:51  SCV  
  91  6:52  SCV  
  91  6:53  SCV  
  94  6:58  Medivac x2  
  98  7:02  Combat Shield  
  98  7:03  SCV  
  98  7:04  SCV, Siege Tank  
  98  7:05  SCV  
  98  7:07  Marine  
  105  7:09  Marine x2  
  105  7:10  Marine  
  105  7:11  Marine  
  105  7:15  SCV  
  110  7:17  Supply Depot  
  110  7:18  SCV  
  111  7:25  Marine  
  111  7:27  Marine x2  
  111  7:28  Marine  
  111  7:29  SCV x2  
  98  7:30  SCV  
  99  7:37  Barracks Reactor  
  99  7:38  Barracks Reactor  
  99  7:39  Siege Tank  
  99  7:41  SCV x2  
  99  7:43  SCV, Marine  
  99  7:44  Marine  
  101  7:45  Marine  
  101  7:51  Marine, Medivac  
  99  7:53  SCV  
  99  7:54  SCV, Marine  
  99  7:56  SCV  
  104  7:58  Refinery  
  104  7:59  Refinery  
  104  8:00  Marine  
  104  8:01  Marine  
  104  8:02  Liberator, Armory  
  104  8:03  Supply Depot  
  109  8:08  Marine, Sensor Tower  
  109  8:11  Command Center  
  110  8:15  Factory  
  110  8:18  Marine x3  
  110  8:19  Supply Depot  
  113  8:20  Marine  
  113  8:21  Marine  
  113  8:23  Marine x2  
  118  8:32  Siege Tank, Missile Turret  
  120  8:34  Marine, Missile Turret  
  120  8:35  Marine  
  120  8:38  Supply Depot, Marine  
  120  8:40  Marine x3  
  126  8:44  Marine x2, Barracks Reactor  
  126  8:47  Viking x2  
  132  8:50  Supply Depot  
  132  8:52  Marine  
  132  8:53  Terran Infantry Weapons Level 2  
  133  8:57  Terran Infantry Armor Level 2  
  133  8:58  Marine x2  
  133  9:00  Marine x3  
  138  9:06  Marine  
  138  9:08  Siege Tank  
  138  9:09  Marine  
  142  9:10  Marine  
  142  9:11  Terran Vehicle Weapons Level 1  
  142  9:12  Supply Depot  
  142  9:16  Marine x2  
  146  9:18  Supply Depot, SCV x3  
  149  9:25  Siege Tank  
  149  9:26  Marine  
  149  9:27  Marine  
  149  9:30  Viking  
  155  9:31  Marine  
  155  9:32  Marine x4  
  155  9:33  Marine  
  155  9:34  SCV, Marine  
  155  9:38  SCV  
  164  9:39  Refinery x2  
  164  9:41  Marine  
  164  9:43  Siege Tank  
  164  9:44  SCV  
  169  9:57  Siege Tank  
  169  9:58  Medivac  
  157  10:00  Marine  
  157  10:01  Marine  
  157  10:03  Liberator  
  157  10:04  Marine x8  
  146  10:08  Planetary Fortress  
  146  10:11  SCV x2  
  146  10:12  SCV  
  149  10:15  Siege Tank  
  149  10:18  Marine  
  149  10:19  Marine  
  154  10:23  SCV x2, Marine x2  
  154  10:24  SCV  
  154  10:25  Marine, Sensor Tower  
  154  10:26  Marine  
  154  10:27  Marine  
  154  10:28  Marine  
  163  10:29  Siege Tank  
  163  10:30  Marine x2  
  168  10:36  SCV, Marine  
  168  10:37  Marine  
  168  10:41  Marine x2  
  173  10:45  Command Center  
  173  10:49  Command Center  
  173  10:52  Siege Tank  
  176  10:59  Fusion Core  
  176  11:00  Starport  
  176  11:01  Starport  
  176  11:02  Siege Tank, Marine x4  
  183  11:05  Orbital Command  
  183  11:11  Marine x4  
  179  11:12  Marine  
  179  11:13  Marine  
  162  11:19  Marine  
  162  11:20  Marine x3  
  162  11:24  Orbital Command, Siege Tank  
  168  11:29  Marine x3  
  168  11:32  Marine  
  167  11:34  Siege Tank, Marine  
  167  11:37  Marine  
  167  11:38  Marine  
  172  11:41  Marine  
  172  11:56  Siege Tank  
  172  11:57  Marine  
  172  11:58  Marine x5  
  173  12:21  Supply Depot  
  165  12:23  Supply Depot  
Show
View Real Time Build Order
Export as new Build Order

Spirit Terran 

Build Orders: Cyclone Opening 

Get SALT Encoding   

  12  0:00  SCV  
  13  0:12  SCV  
  14  0:17  Supply Depot  
  14  0:24  SCV  
  15  0:38  SCV  
  15  0:40  Barracks  
  16  0:43  Refinery  
  16  0:50  SCV  
  16  0:53  Refinery  
  17  1:02  SCV  
  18  1:14  SCV  
  19  1:27  Orbital Command, Reaper  
  19  1:30  Supply Depot  
  20  1:41  Factory  
  20  1:53  SCV  
  21  1:59  Reaper  
  22  2:05  SCV  
  23  2:16  Command Center  
  23  2:20  SCV  
  24  2:27  Widow Mine  
  26  2:32  Barracks Reactor  
  26  2:34  Supply Depot  
  26  2:35  SCV  
  27  2:47  SCV  
  27  2:48  Cyclone  
  30  2:54  Starport  
  30  2:59  SCV  
  31  3:11  SCV  
  31  3:18  Marine x2  
  32  3:21  Cyclone  
  32  3:23  SCV  
  35  3:28  Orbital Command  
  35  3:33  Starport Tech Lab  
  35  3:35  SCV  
  35  3:37  Marine  
  35  3:39  Marine  
  38  3:47  SCV  
  39  3:55  Raven, Interference Matrix, Marine, Factory Tech Lab  
  42  3:57  Marine  
  42  3:58  SCV  
  42  3:59  SCV  
  45  4:10  Supply Depot, SCV  
  45  4:12  SCV, Marine  
  45  4:14  Siege Tank  
  50  4:22  SCV, Marine  
  50  4:24  SCV  
  52  4:34  Command Center  
  52  4:35  SCV  
  52  4:36  SCV  
  54  4:45  Raven  
  54  4:47  Supply Depot, SCV  
  54  4:48  SCV  
  57  4:59  SCV  
  57  5:00  SCV  
  57  5:03  Barracks, Factory Reactor  
  57  5:06  Barracks  
  58  5:07  Refinery  
  58  5:09  Refinery  
  58  5:10  Stimpack  
  58  5:11  SCV  
  58  5:12  SCV  
  60  5:16  Marine  
  61  5:23  SCV  
  61  5:24  SCV, Engineering Bay  
  61  5:25  Engineering Bay  
  63  5:33  Marine  
  63  5:35  SCV  
  65  5:36  SCV  
  65  5:38  Starport Reactor  
  65  5:40  Supply Depot  
  66  5:47  SCV  
  66  5:48  Orbital Command, SCV  
  68  5:50  Marine x2  
  68  5:51  Siege Tank, Marine  
  74  5:59  SCV  
  74  6:00  Terran Infantry Weapons Level 1, Marine x2, Terran Infantry Armor Level 1, SCV  
  78  6:08  Marine x2  
  78  6:09  Marine  
  80  6:11  SCV  
  80  6:13  SCV  
  80  6:16  Supply Depot  
  80  6:18  Marine x2, Medivac  
  83  6:20  Medivac  
  88  6:26  Marine x2  
  88  6:27  Marine  
  88  6:31  Siege Tank  
  91  6:33  Orbital Command, SCV  
  91  6:35  SCV  
  91  6:36  Marine x2  
  91  6:44  Marine x2  
  91  6:45  SCV, Marine  
  95  6:47  Supply Depot  
  95  6:48  Supply Depot  
  95  6:49  Combat Shield  
  95  6:50  SCV  
  95  6:53  Marine  
  95  6:54  Marine  
  97  6:57  SCV  
  99  7:01  Marine  
  99  7:02  Marine  
  99  7:07  Barracks  
  99  7:08  Supply Depot, SCV, Marine  
  101  7:09  Barracks  
  101  7:10  Supply Depot  
  101  7:11  Marine x2  
  101  7:12  SCV x2  
  107  7:20  SCV  
  106  7:24  Marine x2  
  91  7:32  Siege Tank, Marine x3  
  89  7:38  Sensor Tower  
  89  7:40  SCV  
  89  7:42  SCV, Marine x2  
  89  7:49  Marine  
  89  7:50  Marine x2  
  89  7:53  Medivac  
  89  7:54  Medivac  
  89  7:58  SCV  
  92  7:59  SCV, Marine, Armory, Barracks Reactor x2  
  92  8:00  Marine  
  92  8:04  Siege Tank  
  98  8:05  SCV  
  98  8:07  Marine x3  
  98  8:10  Refinery  
  98  8:11  Refinery  
  101  8:17  Marine  
  101  8:18  SCV, Marine  
  101  8:19  SCV  
  105  8:20  SCV, Command Center  
  105  8:23  Supply Depot  
  105  8:25  Marine x3  
  111  8:28  Missile Turret  
  111  8:32  Factory  
  111  8:35  Marine  
  111  8:36  Marine  
  111  8:37  Siege Tank  
  111  8:40  Viking  
  111  8:41  Viking  
  118  8:43  Marine x5  
  118  8:44  Marine  
  118  8:46  Marine  
  125  8:50  Terran Infantry Weapons Level 2  
  125  8:53  Marine x2  
  125  8:55  Terran Infantry Armor Level 2  
  127  9:01  Marine x3  
  130  9:04  Supply Depot, Terran Vehicle Weapons Level 1  
  130  9:05  Supply Depot, SCV x2  
  130  9:08  Marine x2  
  130  9:09  Marine x2  
  135  9:11  Marine x2  
  135  9:15  Viking  
  135  9:16  Factory Tech Lab  
  140  9:20  Viking  
  142  9:25  Marine x2  
  142  9:26  Marine  
  142  9:29  Siege Tank  
  148  9:32  Marine x6  
  148  9:34  Supply Depot  
  148  9:37  SCV  
  150  9:39  Siege Tank  
  150  9:42  Marine  
  150  9:43  Marine  
  150  9:44  SCV, Marine  
  158  9:48  Orbital Command  
  158  9:49  SCV, Marine  
  158  9:50  Marine x4  
  158  9:52  Marine  
  127  10:00  Marine  
  127  10:01  Siege Tank, Marine  
  127  10:02  Marine  
  127  10:06  Liberator  
  118  10:07  Marine  
  118  10:11  Planetary Fortress  
  118  10:14  Marine  
  118  10:15  Marine  
  118  10:18  Liberator  
  118  10:21  Marine  
  123  10:24  Marine x2  
  119  10:30  Marine x3  
  119  10:32  Marine  
  119  10:34  Marine  
  123  10:37  Marine  
  123  10:42  Marine  
  125  10:46  Marine  
  125  10:48  Marine  
  125  10:49  Marine  
  127  10:53  Liberator  
  127  10:56  Marine  
  130  11:00  Marine x3  
  130  11:04  Marine  
  130  11:13  Marine  
  130  11:15  Marine  
  130  11:16  Marine x3  
  130  11:18  Marine x3  
  136  11:21  Marine  
  136  11:25  Siege Tank  
  126  11:31  Marine  
  127  11:33  Marine x4  
  127  11:36  Marine x3  
  127  11:39  Marine  
  132  11:49  Marine  
  132  11:51  Marine x4  
  132  11:54  Marine  
  128  11:55  Marine  
  121  12:09  Marine x4  
  121  12:11  Marine  
Tags
 
Add a new tag
Caveats
  • Supply blocks, unpowered buildings, or Contaminate may cause inaccurate times.
  • Supply counts are checked every 10 seconds.